AoeStats
← 啊超

Black Forest

505909221Analyzed
4v4 RM · 19d ago on Sep 11, 2026· 51m 33s· 8 players
Game mode
Random Map
Map size
Large (8 player)
Population
200
Speed
Normal
Resources
Standard
Victory
Conquest
Starting age
Dark Age
Ending age
Imperial Age
RankedLock teamsTeams togetherTeam positionsShared explorationLock speedFull tech treeHidden civsTurbo modeCheats
Victory
Defeat
🇫🇷 Khmer · France
1119
+15
🇨🇳 Turks · China
1073
+17
🇨🇳 Mongols · China
1072
+17
🇩🇪 Bohemians · Germany
1021
+19
🇩🇪 Armenians · Germany
1163
-21
🇩🇪 Dravidians · Germany
1102
-17
🇩🇪 Chinese · Germany
1100
-17
🇩🇪 Cumans · Germany
991
-13
啊超
0:33 Loom
12:15 Feudal Age
16:29 Castle Age
16:18 Double-Bit Axe
16:31 Horse Collar
46:28 Imperial Age
46:28 Gold Mining
47:12 Elite Mangudai
49:18 Fletching
49:30 Padded Archer Armor
49:52 Bow Saw
49:45 Heavy Plow
50:37 Gold Shaft Mining
49:53 Stone Mining
51:23 Chemistry
50:44 Ballistics
krafrijo
10:43 Loom
14:33 Feudal Age
20:13 Castle Age
22:51 Double-Bit Axe
22:48 Horse Collar
25:23 Bow Saw
28:04 Heavy Plow
31:25 Ballistics
32:18 Wheelbarrow
33:25 Fletching
38:51 Imperial Age
36:07 Town Watch
37:02 Wagenburg Tactics
38:17 Chemistry
37:29 Fortified Wall
37:35 Masonry
38:58 Houfnice
39:37 Elite Hussite Wagon
44:04 Onager
45:29 Bodkin Arrow
51:03 Scale Barding Armor
51:08 Forging
51:03 Light Cavalry
51:44 Husbandry
Psychedelonaut
9:42 Loom
11:56 Feudal Age
14:37 Castle Age
12:43 Double-Bit Axe
12:41 Horse Collar
15:05 Wheelbarrow
16:10 Heavy Plow
17:57 Bow Saw
24:41 Forging
26:01 Iron Casting
25:32 Scale Barding Armor
27:01 Bloodlines
26:51 Husbandry
32:22 Imperial Age
30:25 Chain Barding Armor
31:29 Hand Cart
31:00 Town Watch
33:04 Double Crossbow
33:25 Conscription
32:31 Heavy Scorpion
34:15 Chemistry
33:21 Siege Engineers
35:33 Blast Furnace
35:10 Plate Barding Armor
34:06 Light Cavalry
34:59 Hussar
40:07 Town Patrol
40:17 Caravan
w2k8m1w2762
1:02 Loom
11:21 Feudal Age
18:06 Castle Age
16:23 Double-Bit Axe
16:21 Horse Collar
17:29 Gold Mining
17:31 Stone Mining
21:41 Wheelbarrow
27:15 Forging
27:12 Scale Barding Armor
30:52 Bloodlines
30:43 Husbandry
31:21 Iron Casting
30:37 Fletching
30:31 Treadmill Crane
31:04 Masonry
31:15 Ballistics
30:51 Murder Holes
31:28 Hand Cart
31:00 Town Watch
35:26 Imperial Age
33:32 Bodkin Arrow
33:58 Chain Barding Armor
33:39 Padded Archer Armor
36:57 Gold Shaft Mining
36:56 Architecture
37:04 Plate Barding Armor
36:48 Leather Archer Armor
37:23 Artillery
37:46 Conscription
37:20 Elite Janissary
40:06 Bombard Tower
39:32 Arrowslits
40:22 Ring Archer Armor
40:53 Blast Furnace
39:54 Bracer
39:18 Heavy Camel Rider
41:44 Bow Saw
XBU Lord
0:28 Loom
14:48 Feudal Age
16:08 Double-Bit Axe
18:28 Man-at-Arms
18:55 Arson
19:23 Forging
20:41 Long Swordsman
24:24 Wheelbarrow
23:35 Town Watch
25:03 Scale Mail Armor
24:51 Pikeman
31:24 Castle Age
31:43 Horse Collar
32:44 Squires
32:30 Gambesons
33:40 Iron Casting
33:26 Chain Mail Armor
33:34 Bow Saw
34:44 Halberdier
40:05 Hand Cart
Wels2802
1:01 Loom
12:42 Feudal Age
16:27 Castle Age
14:19 Double-Bit Axe
15:49 Horse Collar
18:09 Bow Saw
23:51 Wheelbarrow
23:57 Heavy Plow
25:29 Hand Cart
25:15 Town Watch
30:00 Imperial Age
29:25 Town Patrol
29:23 Gold Mining
31:03 Ballistics
31:44 Chemistry
30:40 Murder Holes
30:43 Fletching
30:54 Padded Archer Armor
32:23 Two-Man Saw
31:58 Conscription
31:20 Heavy Rocket Cart
33:00 Caravan
33:20 Elite Chu Ko Nu
34:35 Masonry
34:37 Fortified Wall
36:03 Bodkin Arrow
36:55 Rocketry
39:21 Bracer
39:37 Leather Archer Armor
Osten1104
0:29 Loom
11:43 Feudal Age
14:28 Double-Bit Axe
18:33 Castle Age
19:27 Capped Ram
30:33 Bow Saw
30:49 Horse Collar
38:06 Imperial Age
38:11 Bloodlines
38:11 Elite Steppe Lancer
39:49 Heavy Plow
40:26 Conscription
42:01 Conscription
42:42 Light Cavalry
44:23 Wheelbarrow
45:32 Crop Rotation
46:07 Two-Man Saw
Bollex
2:32 Loom
13:24 Feudal Age
17:34 Castle Age
15:30 Horse Collar
15:39 Double-Bit Axe
18:50 Heavy Plow
26:16 Bow Saw
26:49 Wheelbarrow
28:11 Hand Cart
28:34 Gold Mining
29:15 Caravan
32:38 Imperial Age
30:05 Fletching
30:15 Padded Archer Armor
30:40 Ballistics
31:55 Bodkin Arrow
32:16 Leather Archer Armor
32:11 Thumb Ring
33:43 Bracer
34:14 Ring Archer Armor
34:46 Chemistry
33:57 Fortified Wall
33:24 Elite Elephant Archer
37:38 Conscription
37:29 Medical Corps
Connection lost

Rejoining the realm…

Still unreachable

The connection could not be restored.

Session expired

The server has moved on; the page needs a fresh start.